 Dungeon Crawl Stone Soup version 0.28.0-1-gb440e238dd (webtiles) character file.

Game seed: 5811746799117371883

2557 hikkokomori the Geomancer (level 9, -3/54 HPs)
             Began as a Gargoyle Earth Elementalist on Feb 20, 2022.
             Was a Believer of Vehumet.
             Slain by a brown ugly thing (13 damage)
             ... on level 8 of the Dungeon on Feb 21, 2022.
             The game lasted 00:22:31 (9587 turns).

hikkokomori the Geomancer (GrEE)                    Turns: 9587, Time: 00:22:32

Health: -3/54      AC:  6    Str: 13    XL:     9   Next: 56%
Magic:  4/15       EV: 10    Int: 19    God:    Vehumet [**....]
Gold:   440        SH: 12    Dex: 10    Spells: 10/16 levels left

rFire   + . .      SeeInvis .   w - +2 demon whip (vamp)
rCold   . . .      Faith    .   A - +2 buckler
rNeg    + . .      Spirit   .   h - +0 ring mail
rPois   ∞          Reflect  +   j - +0 helmet
rElec   +          Harm     .   e - +1 cloak
rCorr   .          Rampage  .   (no gloves)
Will    .....                   (no boots)
Stlth   +.........              p - amulet of reflection
HPRegen 0.18/turn               q - ring of protection from fire
MPRegen 0.14/turn               (no ring)

@: about to teleport, corroded
A: sickness immunity, AC +6, negative energy resistance 1, electricity
resistance, torment resistance 1, petrification resistance
a: Renounce Religion


You were on level 8 of the Dungeon.
You worshipped Vehumet.
Vehumet was pleased with you.
You visited 2 branches of the dungeon, and saw 9 of its levels.
You also visited: Sewer.

You collected 440 gold pieces.

Inventory:

Hand Weapons
 f - a +2 whip of holy wrath
 v - a +2 dagger of venom
 w - a +2 vampiric demon whip (weapon)
Missiles
 c - 338 stones
 z - a throwing net
Armour
 b - a +0 robe
 e - a +1 cloak (worn)
 h - a +0 ring mail (worn)
 j - a +0 helmet (worn)
 A - a +2 buckler (worn)
Magical Staves
 E - a staff of earth
Jewellery
 p - an amulet of reflection (around neck)
 q - a ring of protection from fire (left hand)
 D - a ring of see invisible
Wands
 y - a wand of polymorph (4)
 G - a wand of acid (4)
Scrolls
 g - a scroll of enchant weapon
 i - 4 scrolls of identify
 l - a scroll of teleportation
 r - 3 scrolls of fog
 u - a scroll of amnesia
 B - a scroll of enchant armour
 C - 2 scrolls of magic mapping
Potions
 a - 2 potions of heal wounds {unknown}
 d - 3 potions of cancellation
 k - 2 potions of attraction {unknown}
 m - a potion of flight {unknown}
 n - a potion of invisibility
 o - a potion of resistance {unknown}
 s - a potion of mutation {unknown}
 t - a potion of might {unknown}
 x - 2 potions of curing {unknown}
 F - a potion of degeneration {unknown}


   Skills:
 + Level 5.1 Fighting
 + Level 4.7 Maces & Flails
 - Level 1.5 Dodging
 - Level 2.1 Stealth
 + Level 6.2 Shields
 - Level 4.1 Spellcasting
 + Level 5.3 Conjurations
 - Level 0.7 Transmutations
 - Level 8.0 Earth Magic


You had 10 spell levels left.
You knew the following spells:

 Your Spells              Type           Power      Damage    Failure   Level
a - Sandblast             Erth           68%        2d15      1%          1
b - Passwall              Tmut/Erth      16%        N/A       10%         2
c - Stone Arrow           Conj/Erth      58%        3d10      8%          3

Your spell library contained the following spells:

 Spells                   Type           Power      Damage    Failure   Level
 Static Discharge         Conj/Air       14%        N/A       19%         2
 Ensorcelled Hibernation  Hex/Ice        6%         N/A       50%         2
 Petrify                  Tmut/Erth      20%        N/A       52%         4
 Spider Form              Tmut/Pois      5%         N/A       69%         3
 Anguish                  Hex/Necr       1%         N/A       98%         4


Dungeon Overview and Level Annotations

Branches:
Dungeon (8/15)             Temple (1/1) D:4           Sewer (visited)
   Lair: D:8-11

Altars:
Ashenzari
Cheibriados
Dithmenos
Fedhas
Makhleb
Nemelex Xobeh
Sif Muna
Trog
Uskayaw
Vehumet
Wu Jian
Xom
Zin

Shops:
D:4 [

Annotations:
D:8 2 runed translucent doors


Innate Abilities, Weirdness & Mutations

You are immune to sickness and miasma.
Your stone body is resilient. (AC +6)
You are immune to poison.
You resist negative energy. (rN+)
You are resistant to electric shocks. (rElec)
You are resistant to unholy torment.
You are immune to petrification.


Message History

Aiming: Sandblast (safe; 1% risk of failure)
Press: ? - help, Shift-Dir - straight line, f/p - brown ugly thing
Aim: a brown ugly thing (lightly wounded, 82% to hit)
The blast of sand hits the brown ugly thing.
The brown ugly thing is lightly wounded.
The brown ugly thing trunk-slaps you but does no damage.
Unknown command.
Casting: Sandblast (safe; 1% risk of failure)
Confirm with . or Enter, or press ? or * to list all spells.
Aiming: Sandblast (safe; 1% risk of failure)
Press: ? - help, Shift-Dir - straight line, f/p - brown ugly thing
Aim: a brown ugly thing (lightly wounded, 82% to hit)
The blast of sand hits the brown ugly thing!
The brown ugly thing is heavily wounded.
The brown ugly thing trunk-slaps you! The acid corrodes you!
You are splashed with acid!
Casting: Sandblast (safe; 1% risk of failure)
Confirm with . or Enter, or press ? or * to list all spells.
Aiming: Sandblast (safe; 1% risk of failure)
Press: ? - help, Shift-Dir - straight line, f/p - brown ugly thing
Aim: a brown ugly thing (heavily wounded, 82% to hit)
The blast of sand hits the brown ugly thing but does no damage.
The brown ugly thing is heavily wounded.
The brown ugly thing barely misses you.
Unknown command.
Casting: Sandblast (safe; 1% risk of failure)
Confirm with . or Enter, or press ? or * to list all spells.
Aiming: Sandblast (safe; 1% risk of failure)
Press: ? - help, Shift-Dir - straight line, f/p - brown ugly thing
Aim: a brown ugly thing (heavily wounded, 82% to hit)
The blast of sand hits the brown ugly thing!
The brown ugly thing is severely wounded.
The brown ugly thing trunk-slaps you.
* * * LOW HITPOINT WARNING * * *
The acid corrodes you!
You are splashed with acid.
* * * LOW HITPOINT WARNING * * *
Unknown command.
As you read the scroll of teleportation, it crumbles to dust.
You feel strangely unstable. The brown ugly thing trunk-slaps you!
You die...

...........
....$.......
.....)......
.........<...
.........o)...
##.##...........
##....
....)..().#
###.u#
?#....)...#
#..@# #........#
#.### #.###.##.#
#.# #. #. .. #.#
#.## #.<# ..
##.# .. #.# #. .
#.###.# #.#


You could see a brown ugly thing.

Vanquished Creatures
  A steam dragon (D:7)
  A hornet zombie (D:6)
  2 orc warriors
  2 sky beasts
  2 ice beasts
  2 ogres
  A necrophage (D:5)
  2 phantoms (D:5)
  A kobold brigand (Sewer)
  2 scorpions (D:5)
  3 bullfrogs
  2 water moccasin skeletons
  3 centaur zombies
  2 orc priests
  A gnoll shaman (D:7)
  A hound (D:4)
  A bullfrog skeleton (D:4)
  5 iguanas
  5 orc wizards
  A hound skeleton (D:4)
  A howler monkey zombie (D:7)
  8 gnolls
  A river rat (Sewer)
  13 adders
  2 white imps
  An adder skeleton (D:3)
  A worm (D:2)
  4 dart slugs
  21 orcs
  13 ball pythons
  8 endoplasms
  5 giant cockroaches
  9 goblins
  11 hobgoblins
  9 jackals
  4 quokkas
  6 bats
  8 frilled lizards
  6 kobolds
  7 rats
178 creatures vanquished.

Vanquished Creatures (others)
  A kobold (Sewer)
  A demonic plant (D:1)
  A plant (Sewer)
3 creatures vanquished.

Grand Total: 181 creatures vanquished

Notes
Turn   | Place    | Note
-------+----------+-------------------------------------------
     0 | D:1      | hikkokomori the Gargoyle Earth Elementalist began the quest
                  | for the Orb.
     0 | D:1      | Reached XP level 1. HP: 10/10 MP: 3/3
   154 | D:1      | Reached XP level 2. HP: 15/15 MP: 3/5
   161 | D:1      | Found a faded altar of an unknown god.
   161 | D:1      | Noticed a crimson imp
   168 | D:1      | Reached skill level 4 in Earth Magic
  1128 | D:1      | Reached XP level 3. HP: 19/19 MP: 6/6
  1533 | D:1      | Learned a level 2 spell: Passwall
  1537 | D:1      | Learned a level 3 spell: Stone Arrow
  2678 | D:3      | Reached XP level 4. HP: 24/24 MP: 8/8
  2899 | D:3      | Reached skill level 1 in Shields
  3495 | D:4      | Reached skill level 5 in Earth Magic
  3680 | D:4      | Reached XP level 5. HP: 15/28 MP: 6/10
  3982 | D:3      | Reached XP level 6. HP: 31/32 MP: 11/11
  4130 | D:4      | Found a staircase to the Ecumenical Temple.
  4164 | Temple   | Entered the Ecumenical Temple
  4187 | Temple   | Became a worshipper of Vehumet
  4307 | D:4      | Found Otigosh's Armour Shoppe.
  4552 | D:4      | Reached skill level 6 in Earth Magic
  4918 | D:4      | Found a burning altar of Makhleb.
  4923 | D:4      | Found a glowing silver altar of Zin.
  4923 | D:4      | Noticed an angel
  4924 | D:4      | Noticed a balrug
  4998 | D:5      | Entered Level 5 of the Dungeon
  5039 | D:5      | Noticed an ice beast
  5047 | D:5      | Killed an ice beast
  5048 | D:5      | Reached skill level 1 in Fighting
  5048 | D:5      | Reached skill level 1 in Maces & Flails
  5048 | D:5      | Reached skill level 1 in Conjurations
  5048 | D:5      | Reached XP level 7. HP: 22/38 MP: 6/13
  5475 | D:5      | Found a bloodstained altar of Trog.
  5600 | D:5      | Found Peramay's Neck Hole.
  5709 | D:5      | Reached XP level 8. HP: 45/45 MP: 14/14
  5901 | D:5      | Reached skill level 7 in Earth Magic
  5914 | D:5      | Reached * piety under Vehumet
  5914 | D:5      | Offered knowledge of Foxfire by Vehumet.
  6116 | D:6      | Found a glowing drain.
  6152 | Sewer    | Entered a sewer
  6781 | D:6      | Reached skill level 5 in Shields
  7014 | D:6      | Found a shadowy altar of Dithmenos.
  7423 | D:6      | Reached XP level 9. HP: 5/52 MP: 15/15
  7866 | D:7      | Found a snail-covered altar of Cheibriados.
  8220 | D:7      | Reached ** piety under Vehumet
  8220 | D:7      | Offered knowledge of Static Discharge by Vehumet.
  8279 | D:7      | Reached skill level 8 in Earth Magic
  8939 | D:8      | Reached skill level 5 in Conjurations
  8946 | D:8      | Reached skill level 5 in Fighting
  9472 | D:8      | Found a runed translucent door.
  9472 | D:8      | Found a runed translucent door.
  9472 | D:8      | Noticed a centaur warrior
  9533 | D:8      | Found a blossoming altar of Fedhas.
  9578 | D:8      | Noticed a brown ugly thing
  9587 | D:8      | Slain by a brown ugly thing

Illustrated notes

Levels and vault maps discovered:
D:1:      saegor_arrival_fortress, layout_loops_ring,
          dreamdust_ecumenical_altar_sealed_demon
D:2:      layout_basic
D:3:      layout_loops_ring, chequers_decorated_corner
D:4:      layout_cave_pools, grunt_temple_overflow_order_and_chaos_2,
          minmay_temple_entry_glass, serial_shops, kennysheep_mini_moat,
          grunt_decor_clamped, kennysheep_generic_room_4
D:5:      layout_basic, trog_hazing_becter, nicolae_shop_sticking_my_neck_out
D:6:      layout_basic, nicolae_dithmenos_shadow_blocks, gup_sewer_entry_glass
D:7:      layout_basic, mainiacjoe_overflow_catwalk, minmay_misc_feat_cross,
          kennysheep_generic_room_11
D:8:      minmay_the_grid_triangle_9x9_recursive_2
          [minmay_the_grid_triangle_9x9_prize_schism,
          minmay_the_grid_triangle_9x9_empty,
          minmay_the_grid_triangle_9x9_odd_lines,
          minmay_the_grid_triangle_9x9_tough_junction], layout_rooms,
          fedhas_altar_2
Temple:   eino_temple_scatter_basement

Skill      XL: |  1  2  3  4  5  6  7  8  9 |
---------------+----------------------------+-----
Earth Magic    | 4 5 6 7 8 |  8.0
Spellcasting   | 3 4 |  4.1
Shields        | 1 2 3 4 5 6 |  6.2
Fighting       | 1 2 4 5 |  5.1
Maces & Flails | 1 2 3 4 |  4.7
Conjurations   | 1 2 4 5 |  5.3
Dodging        | |  1.5
Stealth        | |  2.1
Transmutations | |  0.7

Action                   |  1- 3 |  4- 6 |  7- 9 || total
-------------------------+-------+-------+-------++-------
Melee: Dagger            |    39 |     3 |       ||    42
       Short sword       |   108 |   131 |       ||   239
       Punch             |     3 |       |       ||     3
       Demon whip        |       |    39 |   376 ||   415
       Whip              |       |       |    14 ||    14
       Staff             |       |       |    36 ||    36
 Cast: Sandblast         |    15 |    34 |    37 ||    86
       Passwall          |       |       |     1 ||     1
       Stone Arrow       |       |       |    21 ||    21
  Use: Scroll            |     3 |     2 |     7 ||    12
       Potion            |       |       |     2 ||     2
 Stab: Sleeping          |     2 |       |     1 ||     3
       Invisible         |       |       |     1 ||     1
Armor: Robe              |    26 |       |       ||    26
       Ring mail         |    44 |    92 |   133 ||   269
Dodge: Dodged            |    89 |    87 |   138 ||   314
Block: Buckler           |     4 |    45 |   223 ||   272
       Reflection        |       |       |    12 ||    12
